 Dungeon Crawl Stone Soup version 0.26-a0-602-gd42a14c23b (webtiles) character file.

Game seed: 10309406042860484763

460 Mitsuki the Conjurer (level 6, -1/32 HPs)
             Began as a Deep Elf Conjurer on Aug 31, 2020.
             Was an Initiate of Vehumet.
             Slain by an ogre
             ... wielding a +0 giant club
              (33 damage)
             ... on level 4 of the Dungeon.
             The game lasted 00:10:45 (4397 turns).

Mitsuki the Conjurer (Deep Elf Conjurer)            Turns: 4397, Time: 00:10:46

Health: -1/32      AC: 11    Str:  6    XL:     6   Next: 78%
Magic:  10/16      EV: 14    Int: 23    God:    Vehumet [......]
Gold:   304        SH:  0    Dex: 13    Spells: 12/15 levels left

rFire    . . .     SeeInvis .   k - +2 dagger (protect)
rCold    . . .     Faith    .   (no shield)
rNeg     . . .     Spirit   .   a - +0 robe
rPois    .         Reflect  .   i - +0 helmet
rElec    .         Harm     .   h - +0 cloak
rCorr    +                      (no gloves)
MR       .....                  (no boots)
Stlth    ++........             (no amulet)
HPRegen  0.10/turn              b - ring of resist corrosion
MPRegen  0.15/turn              (no ring)

@: protection aura
A: no striking features
a: Renounce Religion


You were on level 4 of the Dungeon.
You worshipped Vehumet.
Vehumet was noncommittal.
You visited 1 branch of the dungeon, and saw 4 of its levels.
You also visited: Sewer.

You collected 304 gold pieces.

Inventory:

Hand Weapons
 k - a +2 dagger of protection (weapon)
Armour
 a - a +0 robe (worn)
 h - a +0 cloak (worn)
 i - a +0 helmet (worn)
Jewellery
 b - a ring of resist corrosion (left hand)
Wands
 j - a wand of disintegration (18)
Scrolls
 c - a scroll of remove curse
 e - 3 scrolls of identify {unknown}
 g - a scroll of blinking {unknown}
 m - 2 scrolls of enchant armour {unknown}
Potions
 d - 2 potions of heal wounds {unknown}
 f - 2 potions of might {unknown}
 l - a potion of degeneration {unknown}
 n - a potion of haste {unknown}


   Skills:
 + Level 0.0 Fighting
 + Level 4.8 Dodging
 - Level 2.4 Stealth
 + Level 5.4 Spellcasting
 * Level 7.1 Conjurations


You had 12 spell levels left.
You knew the following spells:

 Your Spells              Type           Power        Failure   Level
a - Magic Dart            Conj           ####         1%          1
b - Searing Ray           Conj           #####.       1%          2

Your spell library contained the following spells:

 Spells                   Type           Power        Failure   Level
 Dazzling Flash           Conj/Hex       ###...       6%          3
 Fulminant Prism          Conj/Hex       ###.......   21%         4
 Iskenderun's Mystic Bla  Conj/Tloc      ###.....     21%         4


Dungeon Overview and Level Annotations

Branches:
Dungeon (4/15)              Sewer (visited)
 Temple: D:4-7

Altars:
Kikubaaqudgha
Vehumet


Message History

Aiming: Searing Ray (safe; 1% risk of failure)
Press: ? - help, Shift-Dir - straight line, f/p - ogre
Aim: an ogre, wielding a +0 giant club (heavily wounded)
Okay, then.
Casting: Searing Ray (safe; 1% risk of failure)
Confirm with . or Enter, or press ? or * to list all spells.
Aiming: Searing Ray (safe; 1% risk of failure)
Press: ? - help, Shift-Dir - straight line, f/p - ogre
Aim: an ogre, wielding a +0 giant club (heavily wounded)
The searing ray hits the ogre!
The ogre is severely wounded. (Press . to maintain the ray.)
The ogre misses you.
You now have 10/16 mp.
You hit the ogre.
Your weapon exudes an aura of protection.
The ogre is almost dead.
The ogre hits you with a +0 giant club!!
Ouch! That really hurt!
You die...

#.##..#
#..#########...#
#....######.## #.# .
#....##....# .. .
#.##....#### .#
###.##...##
..##...#...####
#....##..#....###
#.......##......###
#...#######.....@.##
.....## ####...O.##
.###..### ###....#
##...# ###...# ###.#
#...# #.# #....#
####.#### #....
#.......# #...
#.......# ##.


You could see an ogre.

Vanquished Creatures
  A bullfrog (Sewer)
  2 scorpions (D:4)
  A worker ant (D:4)
  Robin (D:2)
  8 adders
  12 oozes (Sewer)
  A worm (D:2)
  A dart slug (D:1)
  13 leopard geckos
  An orc (D:3)
  12 ball pythons (Sewer)
  5 bats
  18 giant cockroaches
  18 goblins
  5 hobgoblins
  5 kobolds
  A quokka (D:3)
  10 frilled lizards
  6 rats
121 creatures vanquished.

Vanquished Creatures (others)
  A human (D:3)
  5 plants (D:1)
6 creatures vanquished.

Grand Total: 127 creatures vanquished

Notes
Turn   | Place    | Note
-------+----------+-------------------------------------------
     0 | D:1      | Mitsuki the Deep Elf Conjurer began the quest for the Orb.
     0 | D:1      | Reached XP level 1. HP: 10/10 MP: 6/6
   329 | D:1      | Reached XP level 2. HP: 15/15 MP: 6/8
   919 | D:2      | Learned a level 2 spell: Searing Ray
   976 | D:2      | Noticed Robin
   986 | D:2      | Reached skill level 5 in Conjurations
   987 | D:2      | Reached XP level 3. HP: 19/19 MP: 3/10
  1004 | D:2      | Killed Robin
  1376 | D:2      | Reached XP level 4. HP: 24/24 MP: 6/11
  2063 | D:3      | Found an ancient bone altar of Kikubaaqudgha.
  2184 | D:3      | Found a glowing drain.
  2261 | Sewer    | Entered a sewer
  2498 | Sewer    | Reached XP level 5. HP: 28/28 MP: 6/13
  2699 | Sewer    | Reached skill level 6 in Conjurations
  3432 | Sewer    | Reached skill level 5 in Spellcasting
  3432 | Sewer    | Reached XP level 6. HP: 30/32 MP: 9/15
  3845 | D:3      | Found a radiant altar of Vehumet.
  3851 | D:3      | Became a worshipper of Vehumet
  4125 | D:3      | Noticed a human
  4127 | D:3      | Killed a human
  4209 | D:4      | Reached skill level 7 in Conjurations
  4397 | D:4      | Slain by an ogre

Illustrated notes

Levels and vault maps discovered:
D:1:      dpeg_arrival_erosion, layout_basic, serial_bayou_lake_a
D:2:      layout_basic, uniq_robin
D:3:      layout_loops_cross, lemuel_crystal_altar, portal_sewer_entry_f,
          minmay_misc_feat_more_columns, minmay_misc_feat_room,
          tgw_kikubaaqudgha
D:4:      minmay_diamond_boxcup, layout_rooms, eino_curves_01

Skill      XL: |  1  2  3  4  5  6 |
---------------+-------------------+-----
Dodging        | 3 4 |  4.8
Conjurations   | 5 6 7 |  7.1
Spellcasting   | 4 5 |  5.4
Stealth        | |  2.4

Action                   |  1- 3 |  4- 6 || total
-------------------------+-------+-------++-------
Melee: Dagger            |    18 |     2 ||    20
 Cast: Magic Dart        |    51 |   179 ||   230
       Searing Ray       |     2 |    10 ||    12
  Use: Scroll            |     2 |     2 ||     4
Armor: Robe              |     6 |     7 ||    13
Dodge: Dodged            |    24 |    26 ||    50

Table legend: (Time is in decaauts)
 A = Elapsed time spent in this place.
 B = Non-inter-level travel time spent in this place.
 C = Inter-level travel time spent in this place.
 D = Time resting spent in this place.
 E = Time spent auto-exploring this place.
 F = Levels seen in this place.
 G = Mean time per level.
                   A        B        C        D        E       F      G
               +--------+--------+--------+--------+--------+-----+--------+
         Total |   4482 |   4340 |    142 |    427 |   3308 |   5 |  896.4 |
       Dungeon |   3197 |   3055 |    142 |     91 |   2578 |   4 |  799.2 |
         Sewer |   1284 |   1284 |      0 |    336 |    729 |   1 | 1284.0 |
               +--------+--------+--------+--------+--------+-----+--------+

Top non-repeatable levels by time:
     D:2: 1298 daAuts
   Sewer: 1284 daAuts
     D:1: 862 daAuts
     D:3: 784 daAuts
     D:4: 252 daAuts
